 Dungeon Crawl Stone Soup version 0.26-a0-259-g1effd001a9 (webtiles) character file.

Game seed: 10625231623262780176

45416 Lugonue the Fencer (level 14, -4/124 HPs)
             Began as a Minotaur Hunter on July 22, 2020.
             Was a High Priest of Okawaru.
             Slain by a death yak (17 damage)
             ... on level 5 of the Lair of Beasts.
             The game lasted 00:46:25 (25937 turns).

Lugonue the Fencer (Minotaur Hunter)               Turns: 25937, Time: 00:46:25

Health: -4/124     AC: 20    Str: 18    XL:     14   Next: 1%
Magic:  12/13      EV: 11    Int:  8    God:    Okawaru [*****.]
Gold:   1164       SH:  0    Dex: 18    Spells: 13/13 levels left

rFire    . . .     SeeInvis .   b - +0 great sword
rCold    + . .     Faith    .   (shield currently unavailable)
rNeg     + + .     Spirit   .   D - +1 chain mail of the Ladybird {rN+}
rPois    .         Reflect  .   (helmet restricted)
rElec    +         Harm     .   (no cloak)
rCorr    .                      K - +0 pair of gloves {Dex+3}
MR       +....                  l - +0 pair of boots of the Sturgeon {rElec} (curse)
Stlth    +.........             G - macabre finger necklace {rN+}
HPRegen  0.30/turn              o - +4 ring of protection
MPRegen  0.13/turn              R - ring of stealth
                                x - ring of protection from cold

@: studying Shields
A: retaliatory headbutt, horns 2
a: Heroism, Finesse, Renounce Religion


You were on level 5 of the Lair of Beasts.
You worshipped Okawaru.
Okawaru was extremely pleased with you.
You were hungry.

You visited 3 branches of the dungeon, and saw 20 of its levels.
You also visited: Sewer and Gauntlet.

You collected 1164 gold pieces.

Inventory:

Hand Weapons
 a - a +0 arbalest
 b - a +0 great sword (weapon)
 u - a +0 falchion of draining
 y - a +1 hand crossbow
Missiles
 d - 247 bolts
 n - 40 poisoned darts (quivered)
 v - a throwing net
Armour
 l - the cursed +0 pair of boots of the Sturgeon (worn) {rElec}
   (You found it in a Gauntlet)

   It insulates you from electricity.
   It has a curse placed upon it.
 D - the +1 chain mail of the Ladybird (worn) {rN+}
   (Okawaru gifted it to you on level 6 of the Lair of Beasts)

   It protects you from negative energy.
 H - the +1 plate armour "Uwih Osy" {rN++ Str+8 Int-5 Stlth+}
   (You found it in a Gauntlet)

   It affects your strength (+8).
   It affects your intelligence (-5).
   It greatly protects you from negative energy.
   It makes you more stealthy.
 K - a +0 pair of gloves of dexterity (worn)
Jewellery
 o - a +4 ring of protection (left hand)
 r - an uncursed amulet of reflection
 x - a ring of protection from cold (on amulet)
 G - the macabre finger necklace (around neck) {rN+}
   (You found it in a Gauntlet)

   [amulet of nothing]

   It protects you from negative energy.
 I - an uncursed ring of resist corrosion
 R - a ring of stealth (right hand)
Wands
 c - a wand of paralysis (27)
 g - a wand of digging (8)
 k - a wand of polymorph (9)
 w - a wand of random effects (49)
 E - a wand of disintegration (22)
 F - a wand of clouds (3)
Scrolls
 h - 2 scrolls of identify
 j - 6 scrolls of amnesia
 m - 2 scrolls of enchant armour
 p - a scroll of remove curse
 L - a scroll of teleportation
 M - a scroll of enchant weapon
 P - a scroll of fog
 Q - 2 scrolls of fear
Potions
 e - 2 potions of haste
 i - 4 potions of lignification
 q - 3 potions of curing
 s - a potion of invisibility
 t - 3 potions of flight
 z - a potion of might
 A - 2 potions of mutation
 B - a potion of heal wounds
 J - a potion of resistance
 N - a potion of cancellation
Books
 C - a manual of Shields
Comestibles
 f - 54 rations


   Skills:
 + Level 11.3 Fighting
 * Level 16.4 Long Blades
 * Level 13.7 Crossbows
 + Level 0.3 Throwing
 + Level 11.9 Armour
 * Level 6.2 Dodging
 + Level 3.2 Stealth
 - Level 4.6 Shields
 + Level 1.2 Invocations
 + Level 0.6 Evocations


You had 13 spell levels left.
You didn't know any spells.
Your spell library contained the following spells:

 Spells                   Type           Power        Failure   Level
 Beastly Appendage        Tmut           #.....       97%         1
 Infusion                 Chrm           #...         97%         1
 Summon Butterflies       Summ           #.......     97%         1
 Summon Small Mammal      Summ           #...         97%         1
 Call Imp                 Summ           #.......     99%         2
 Shroud of Golubria       Chrm/Tloc      #.....       99%         2
 Song of Slaying          Chrm           #.......     99%         2
 Sticks to Snakes         Tmut           #.......     99%         2
 Call Canine Familiar     Summ           #.......     100%        3
 Confusing Touch          Hex            #.......     100%        3
 Gell's Gravitas          Tloc           #.........   100%        3
 Ozocubu's Armour         Chrm/Ice       #.......     100%        3
 Spectral Weapon          Hex/Chrm       #.......     100%        3
 Spider Form              Tmut/Pois      #.........   100%        3
 Summon Guardian Golem    Hex/Summ       #.......     100%        3
 Cause Fear               Hex            #.........   100%        4
 Ice Form                 Ice/Tmut       #.......     100%        4
 Petrify                  Tmut/Erth      #.......     100%        4
 Summon Ice Beast         Ice/Summ       #.......     100%        4
 Summon Lightning Spire   Summ/Air       #.......     100%        4
 Blade Hands              Tmut           #.........   100%        5
 Metabolic Englaciation   Hex/Ice        #.........   100%        5
 Silence                  Hex/Air        #.........   100%        5
 Summon Forest            Summ/Tloc      #.........   100%        5
 Summon Mana Viper        Hex/Summ       #.......     100%        5
 Yara's Violent Unravell  Hex/Tmut       #.........   100%        5
 Summon Hydra             Summ           #.........   100%        7
 Discord                  Hex            #.........   100%        8
 Dragon's Call            Summ           #.........   100%        9


Dungeon Overview and Level Annotations

Branches:
Dungeon (13/15)            Temple (1/1) D:5            Lair (6/6) D:10
 Shoals (0/4) Lair:2       Spider (0/4) Lair:3        Slime (0/5) Lair:6
    Orc (0/2) D:11          Sewer (visited)         Gauntlet (visited)
 Vaults: D:13-14

Altars:
Ashenzari
Cheibriados
Dithmenos
Elyvilon
Gozag
Kikubaaqudgha
Makhleb
Nemelex Xobeh
Okawaru
Ru
Sif Muna
Trog
Vehumet
Wu Jian
Xom
Yredelemnul
The Shining One
Jiyva

Shops:
D:6 =   D:7 :

Annotations:
D:9 1 runed translucent door, adozu's ghost, novice DrCj
D:11 3 runed translucent doors, night's ghost, journeyman DrIE
D:12 Kirke
Lair:6 1 runed translucent door, PeterMcNeter's ghost, journeyman TrBe


Innate Abilities, Weirdness & Mutations

You reflexively headbutt those who attack you in melee.
You have a pair of horns on your head.


Message History

The death yak gores you!
You barely miss the death yak.
You headbutt the death yak, but do no damage.
The death yak is severely wounded.
The death yak gores you but does no damage.
You slash the death yak!
You headbutt the death yak, but do no damage.
The death yak is almost dead.
The death yak gores you!
* * * LOW HITPOINT WARNING * * *
You hit the death yak. Your headbutt misses the death yak.
The death yak is almost dead.
The death yak gores you!
* * * LOW HITPOINT WARNING * * *
You feel much better. The death yak gores you!!
* * * LOW HITPOINT WARNING * * *
You hit the death yak but do no damage. You headbutt the death yak.
The death yak is almost dead.
The death yak gores you!
You die...

#.....### ##...(#
#.....#.#### #..Y(
#.#....#.#P.### #....###
###.....##P...#.##......#
##......................
#.......................
#P....................<.
#.....Y.........$.......
##....#@....# .P##..#..#
##.....†#.#### # #######
#......†### #......P#
#.#....##### ####
##.......#.# ###..### ##
#P..(...#.#####....#.###P
#..........Y..Y.Y.....##.
#.P...............P......


You could see a death yak.

Vanquished Creatures
  Nessos (Lair:5)
  A fire dragon (Lair:6)
  Josephine (D:10)
  6 hydras
  5 death yaks (Lair:5)
  A two-headed ogre (D:12)
  Urug (D:12)
  A swamp dragon (Lair:6)
  A cyclops (D:11)
  2 black mambas
  7 elephants
  2 centaur skeletons
  Maggie (D:8)
  10 cane toads
  4 komodo dragons
  4 rime drakes
  A polar bear (Lair:5)
  A jumping spider (Lair:3)
  A troll (D:10)
  A hornet (D:10)
  11 blink frogs
  10 dream sheep (Lair:6)
  5 hippogriffs
  A snapping turtle (Lair:2)
  9 flying skulls (Gauntlet)
  3 redbacks (Lair:3)
  A shadow (D:11)
  8 wraiths
  A wyvern (D:9)
  36 yaks
  3 basilisks
  A human (D:9)
  Eustachio (D:5)
  3 steam dragons
  2 vampire mosquitoes (D:12)
  4 acid dragons
  4 water moccasins
  Menkaure (D:5)
  2 swamp worms (Gauntlet)
  6 porcupines
  5 orc warriors
  2 swamp drakes (Lair:6)
  A hornet zombie (D:7)
  2 ice beasts
  6 sky beasts
  A necrophage (D:5)
  3 ogres
  11 wolves
  5 centaurs
  16 crocodiles
  3 big kobolds
  Blork the orc (D:4)
  A wyvern zombie (D:10)
  15 bullfrogs
  A gnoll sergeant (D:9)
  A troll zombie (D:11)
  2 scorpions
  A killer bee (D:10)
  A vampire bat (D:6)
  3 howler monkeys (D:11)
  3 bullfrog zombies
  3 centaur zombies
  2 bullfrog skeletons
  A gnoll shaman (D:4)
  3 hounds
  4 orc priests
  2 jellies
  10 orc wizards
  5 iguanas
  Jessica (D:2)
  7 worker ants
  6 ogre zombies (D:11)
  3 hound skeletons
  3 worker ant zombies
  15 gnolls
  13 adders
  3 shadow imps
  2 white imps
  3 ufetubi
  2 oozes
  2 adder skeletons
  An adder zombie (D:7)
  2 worms
  2 dart slugs
  6 leopard geckos
  52 orcs
  A bat skeleton (D:6)
  4 bat zombies (D:6)
  7 giant cockroaches
  7 goblins
  8 hobgoblins
  7 jackals
  6 quokkas
  5 ball pythons
  10 bats
  6 frilled lizards
  2 goblin skeletons (D:11)
  3 goblin zombies (D:11)
  2 hobgoblin zombies (D:11)
  25 kobolds
  A leopard gecko zombie (D:9)
  5 orc skeletons (D:11)
  11 orc zombies (D:11)
  7 rats
518 creatures vanquished.

Vanquished Creatures (others)
  A crocodile (Lair:6)
  16 fungi
  19 plants
36 creatures vanquished.

Grand Total: 554 creatures vanquished

Notes
Turn   | Place    | Note
-------+----------+-------------------------------------------
     0 | D:1      | Lugonue the Minotaur Hunter began the quest for the Orb.
     0 | D:1      | Reached XP level 1. HP: 18/18 MP: 0/0
   383 | D:1      | Reached XP level 2. HP: 22/25 MP: 1/1
   545 | D:1      | Reached skill level 1 in Armour
   617 | D:1      | Reached skill level 5 in Crossbows
   618 | D:1      | Reached XP level 3. HP: 30/30 MP: 2/2
  1131 | D:2      | Found a radiant altar of Vehumet.
  1281 | D:2      | Found a sparkling altar of Nemelex Xobeh.
  1633 | D:2      | Found a shadowy altar of Dithmenos.
  1653 | D:2      | Noticed Jessica
  1654 | D:2      | Found a sacrificial altar of Ru.
  1667 | D:2      | Killed Jessica
  1667 | D:2      | Reached XP level 4. HP: 37/37 MP: 3/3
  1804 | D:3      | Reached skill level 1 in Stealth
  2005 | D:3      | Reached XP level 5. HP: 39/45 MP: 4/4
  2167 | D:3      | Found a faded altar of an unknown god.
  2361 | D:2      | Reached skill level 1 in Long Blades
  2717 | D:3      | Reached XP level 6. HP: 49/51 MP: 5/5
  2774 | D:3      | Found a snail-covered altar of Cheibriados.
  2874 | D:3      | Found a shimmering blue altar of Sif Muna.
  2875 | D:3      | Found an ornate altar of the Wu Jian Council.
  2875 | D:3      | Found a shimmering altar of Xom.
  2876 | D:3      | Found a shadowy altar of Dithmenos.
  3382 | D:4      | Reached skill level 2 in Long Blades
  3964 | D:4      | Reached skill level 5 in Armour
  3977 | D:4      | Reached XP level 7. HP: 36/57 MP: 6/6
  4349 | D:4      | Reached skill level 3 in Long Blades
  4768 | D:5      | Entered Level 5 of the Dungeon
  4768 | D:5      | Noticed Blork the orc
  4781 | D:4      | Killed Blork the orc
  4976 | D:4      | Reached skill level 4 in Long Blades
  5159 | D:5      | Reached XP level 8. HP: 46/66 MP: 7/7
  5283 | D:5      | Noticed Eustachio
  5329 | D:5      | Killed Eustachio
  5765 | D:5      | Noticed Menkaure
  5773 | D:5      | Killed Menkaure
  5773 | D:5      | Reached skill level 5 in Long Blades
  6297 | D:5      | Found a staircase to the Ecumenical Temple.
  6420 | Temple   | Entered the Ecumenical Temple
  6428 | Temple   | Became a worshipper of Warmaster Okawaru
  6524 | D:6      | Found Ronedd's Jewellery Shop.
  6697 | D:6      | Found a bloodstained altar of Trog.
  6772 | D:6      | Found a glowing drain.
  6781 | Sewer    | Entered a sewer
  7837 | D:6      | Reached skill level 6 in Long Blades
  8082 | D:7      | Found Juciecui's Book Boutique.
  8119 | D:7      | Reached * piety under Okawaru
  8288 | D:7      | Reached XP level 9. HP: 59/72 MP: 8/8
  8433 | D:7      | Reached skill level 5 in Fighting
  8603 | D:7      | Reached skill level 7 in Long Blades
  9112 | D:6      | Reached skill level 8 in Long Blades
  9409 | D:6      | Found an ancient bone altar of Kikubaaqudgha.
  9638 | D:8      | Noticed Maggie
 10087 | D:9      | Found a runed translucent door.
 10087 | D:9      | Noticed adozu's ghost (novice DrCj)
 10117 | D:9      | Reached ** piety under Okawaru
 10129 | D:9      | Found a glowing golden altar of the Shining One.
 10156 | D:9      | Reached skill level 9 in Long Blades
 10214 | D:9      | Reached skill level 5 in Dodging
 10238 | D:9      | Reached skill level 10 in Long Blades
 10279 | D:9      | Reached *** piety under Okawaru
 10279 | D:9      | Received a gift from Okawaru
 10279 | D:9      | Reached XP level 10. HP: 19/84 MP: 6/9
 10827 | D:9      | Found a glowing golden altar of the Shining One.
 10868 | D:9      | Found a shattered altar of Ashenzari.
 11344 | D:8      | Killed Maggie
 11548 | D:8      | Reached skill level 10 in Crossbows
 11620 | D:8      | Reached **** piety under Okawaru
 11767 | D:10     | Entered Level 10 of the Dungeon
 11878 | D:10     | Received a gift from Okawaru
 12333 | D:10     | Found a staircase to the Lair.
 12348 | D:10     | Noticed an elephant
 12808 | D:10     | Reached XP level 11. HP: 93/93 MP: 10/10
 12864 | D:10     | Reached skill level 11 in Long Blades
 13145 | D:10     | You fall into a shaft and drop 2 floors!
 13148 | D:12     | Noticed Urug
 13170 | D:12     | Killed Urug
 13170 | D:12     | Reached ***** piety under Okawaru
 13229 | D:12     | Noticed a two-headed ogre
 13236 | D:12     | Noticed a seven-headed hydra
 13240 | D:12     | Killed a two-headed ogre
 13240 | D:12     | Received a gift from Okawaru
 13471 | D:13     | Noticed a five-headed hydra
 13511 | D:12     | Noticed a four-headed hydra
 13825 | D:11     | Found a runed translucent gate.
 13825 | D:11     | Found a runed translucent gate.
 13825 | D:11     | Found a runed translucent gate.
 13826 | D:11     | Received a gift from Okawaru
 14250 | D:11     | Received a gift from Okawaru
 14250 | D:11     | Reached skill level 12 in Long Blades
 14263 | D:11     | Reached skill level 10 in Armour
 14663 | D:10     | Found a shattered altar of Ashenzari.
 14960 | Lair:1   | Entered Level 1 of the Lair of Beasts
 15619 | Lair:1   | Received a gift from Okawaru
 16135 | Lair:1   | Found an opulent altar of Gozag.
 16264 | D:11     | Found a staircase to the Orcish Mines.
 16265 | D:11     | Noticed Josephine
 16487 | D:11     | Reached XP level 12. HP: 87/103 MP: 11/11
 16589 | D:11     | Reached skill level 13 in Long Blades
 16645 | D:11     | Received a gift from Okawaru
 16679 | D:10     | Killed Josephine
 17122 | D:11     | Noticed night's ghost (journeyman DrIE)
 17307 | D:12     | Noticed Kirke
 17838 | Lair:2   | Identified the Collected Works on Calling and Intoxication
 18416 | Lair:2   | Found a staircase to the Shoals.
 18854 | Lair:3   | Reached skill level 14 in Long Blades
 18864 | Lair:3   | Found a gate leading to a gauntlet.
 18872 | Gauntlet | Entered a Gauntlet
 18872 | Gauntlet | Found a large runed translucent door.
 18872 | Gauntlet | Found a large runed translucent door.
 18872 | Gauntlet | Found a large runed translucent door.
 18872 | Gauntlet | Found a large runed translucent door.
 18872 | Gauntlet | Found a transporter.
 18872 | Gauntlet | Found a runed translucent door.
 18872 | Gauntlet | Found a large runed translucent door.
 18872 | Gauntlet | Found a large runed translucent door.
 18872 | Gauntlet | Found a large runed translucent door.
 18872 | Gauntlet | Found a large runed translucent door.
 18872 | Gauntlet | Found a runed translucent gate.
 18872 | Gauntlet | Found a runed translucent gate.
 18872 | Gauntlet | Found a transporter.
 18872 | Gauntlet | Found a transporter.
 18873 | Gauntlet | Found a runed translucent door.
 18873 | Gauntlet | Found a runed translucent gate.
 18874 | Gauntlet | Found a transporter.
 18875 | Gauntlet | Found a transporter.
 18911 | Gauntlet | Found a transporter.
 18919 | Gauntlet | Found a transporter.
 18920 | Gauntlet | Found a transporter.
 18921 | Gauntlet | Found a transporter.
 18922 | Gauntlet | Found a transporter.
 18930 | Gauntlet | Found a transporter.
 18932 | Gauntlet | Found a transporter.
 18974 | Gauntlet | Found a large runed translucent door.
 18974 | Gauntlet | Found a large runed translucent door.
 18975 | Gauntlet | Found a large runed translucent door.
 18976 | Gauntlet | Found a large runed translucent door.
 18977 | Gauntlet | Found a large runed translucent door.
 18977 | Gauntlet | Found a large runed translucent door.
 18978 | Gauntlet | Found a large runed translucent door.
 18979 | Gauntlet | Found a large runed translucent door.
 19309 | Gauntlet | Got a pair of slimy boots
 19316 | Gauntlet | Identified the cursed +0 pair of boots of the Sturgeon
                  | {rElec} (You found it in a Gauntlet)
 19441 | Gauntlet | Noticed a minotaur
 19465 | Gauntlet | Found the macabre finger necklace {rN+}
 19466 | Gauntlet | Got a smoking plate armour
 19612 | Lair:3   | Identified the +1 plate armour "Uwih Osy" {rN++ Str+8 Int-5
                  | Stlth+} (You found it in a Gauntlet)
 19618 | Lair:3   | Reached skill level 1 in Shields
 19674 | Lair:3   | Reached ****** piety under Okawaru
 19674 | Lair:3   | Received a gift from Okawaru
 19846 | Lair:3   | Found a hole to the Spider Nest.
 20266 | Lair:3   | Reached skill level 10 in Fighting
 20758 | Lair:4   | Reached skill level 15 in Long Blades
 20774 | Lair:4   | Noticed a five-headed hydra
 20782 | Lair:4   | Killed a five-headed hydra
 21246 | Lair:4   | Noticed a six-headed hydra
 21252 | Lair:4   | Killed a six-headed hydra
 21252 | Lair:4   | Reached XP level 13. HP: 97/113 MP: 12/12
 22187 | Lair:5   | You fall into a shaft and drop 1 floor!
 22187 | Lair:6   | Entered Level 6 of the Lair of Beasts
 22689 | Lair:6   | Received a gift from Okawaru
 23224 | Lair:6   | Received a gift from Okawaru
 23224 | Lair:6   | Reached skill level 16 in Long Blades
 23230 | Lair:6   | Got an encrusted chain mail {god gift}
 23244 | Lair:6   | Identified the +1 chain mail of the Ladybird {rN+} (Okawaru
                  | gifted it to you on level 6 of the Lair of Beasts)
 23408 | Lair:6   | Noticed PeterMcNeter's ghost (journeyman TrBe)
 23411 | Lair:6   | Found a runed translucent door.
 23494 | Lair:6   | Found a staircase to the Slime Pits.
 23495 | Lair:6   | Found a viscous altar of Jiyva.
 24150 | Lair:6   | Noticed a fire dragon
 24497 | Lair:6   | Killed a fire dragon
 25497 | Lair:5   | Noticed Nessos
 25510 | Lair:5   | Killed Nessos
 25510 | Lair:5   | Reached skill level 1 in Invocations
 25927 | Lair:5   | Reached XP level 14. HP: 49/124 MP: 11/13
 25937 | Lair:5   | Slain by a death yak

Illustrated notes

Levels and vault maps discovered:
D:1:      heliophobic_arrival_dark_side_of_the_moon, layout_basic,
          minmay_indecisive_spiral
D:2:      layout_loops_cross, nicolae_ru_sacrificial_ziggurat,
          overflow_temple_1_default, marbit_many_paths, serial_rivers,
          chequers_serial_rivers_micro_b, chequers_serial_rivers_micro_d,
          chequers_serial_rivers_room_b, chequers_serial_rivers_micro_e,
          grunt_dithmenos_smoke, uniq_jessica
D:3:      layout_basic, nicolae_overflow_crystal_walls,
          chequers_temple_overflow_statue_of_worship,
          chequers_ecumenical_altar_simple, grunt_ministairs_11
D:4:      layout_loops_ring
D:5:      layout_cave_pools, minmay_temple_entry_glassed_door, first_ration,
          uniq_blork_the_orc, uniq_eustachio, uniq_menkaure
D:6:      layout_loops_corners, kennysheep_mini, kennysheep_vampire_church,
          serial_shops, nicolae_shop_stone, portal_sewer_entry_d
D:7:      layout_rooms, serial_shops,
          nicolae_shop_temple_entry_statues_fountains
D:8:      layout_rooms, uniq_maggie
D:9:      layout_cave_pools, tso_altar, ebering_ghost_inner_flame,
          grunt_pizzeria, minmay_stone_trees_small, hangedman_feature_mirror
D:10:     hangedman_cross_stitches, layout_long_grid, david_lair_generic,
          evilmike_ruin_ashenzari
D:11:     layout_loops_ring, zombieorc2_lemuel, gammafunk_ghost_icy,
          uniq_josephine
D:12:     layout_cave_pods, uniq_urug, uniq_kirke, uniq_azrael
D:13:     layout_rooms, ximxim_vaults_locker_room
Temple:   chequers_temple_sunken
Lair:1:   layout_cave_pods, basic_altar, beast_lair_carwin_6, grunt_megastairs_1
Lair:2:   layout_regular_city, minmay_shoals_entry_hut,
          portal_ice_cave_entry_pillars_1, chequers_serial_rivers_marsh,
          beast_lair_carwin_4
Lair:3:   layout_regular_city, spider_nest_entry_a, gauntlet_entry_generic,
          st_stairs_9
Lair:4:   layout_loops_ring, lemuel_fruit_fields, lemuel_fruit_tree,
          grunt_megastairs_4, infiniplex_staircase_pool_2, serial_bayou_shore_b
Lair:5:   layout_long_grid, infiniplex_staircase_pool, lemuel_fruit_fields,
          uniq_nessos
Lair:6:   guppyfry_lair_end_dragon, layout_loops_ring, slime_altar_1,
          hellmonk_ghost_happy_afterlife

Skill      XL: |  1  2  3  4  5  6  7  8  9 10 11 12 13 |
---------------+----------------------------------------+-----
Armour         | 1 2 3 5 7 8 10 11 | 11.9
Crossbows      | 5 6 8 10 11 12 13 | 13.7
Stealth        | 1 2 3 |  3.2
Dodging        | 3 4 5 6 |  6.2
Fighting       | 3 4 6 7 8 10 11 | 11.3
Long Blades    | 1 2 4 6 10 12 15 16 | 16.4
Shields        | 2 4 |  4.6
Invocations    | 1 |  1.2
Throwing       | |  0.3
Evocations     | |  0.6

Action                   |  1- 3 |  4- 6 |  7- 9 | 10-12 | 13-15 || total
-------------------------+-------+-------+-------+-------+-------++-------
Melee: Short sword       |    99 |    37 |       |       |       ||   136
       Headbutt          |    16 |    31 |   102 |   178 |    78 ||   405
       Falchion          |       |   131 |   460 |   308 |       ||   899
       Great sword       |       |       |       |   355 |   221 ||   576
 Fire: Hand crossbow     |     2 |    14 |    65 |   279 |       ||   360
       Arbalest          |       |       |       |    48 |   103 ||   151
Throw: Throwing net      |       |       |       |     2 |       ||     2
       Dart              |       |       |       |     6 |       ||     6
Invok: Heroism           |       |       |     1 |     8 |     9 ||    18
       Finesse           |       |       |       |       |     2 ||     2
Evoke: Wand              |       |       |     4 |     8 |     1 ||    13
  Use: Potion            |       |     6 |     3 |     9 |     3 ||    21
       Scroll            |       |       |    12 |    21 |     8 ||    41
 Stab: Paralysed         |       |       |     7 |    10 |       ||    17
       Fleeing           |       |       |     1 |       |       ||     1
       Confused          |       |       |       |       |     1 ||     1
  Eat: Ration            |     1 |     2 |     6 |     9 |     4 ||    22
Armor: Leather armour    |    20 |       |       |       |       ||    20
       Ring mail         |    24 |    71 |    92 |       |       ||   187
       Plate armour      |       |       |   196 |   491 |   124 ||   811
       Chain mail        |       |       |       |       |    62 ||    62
Dodge: Dodged            |    78 |   105 |   286 |   343 |   142 ||   954
Block: Other             |       |       |       |   142 |    41 ||   183
       Reflection        |       |       |       |     3 |       ||     3
       Rpst.: Falchion   |       |    13 |    69 |    27 |       ||   109
       Great sword       |       |       |       |    49 |    28 ||    77

Table legend:
 A = Non-vault XP
 B = Vault XP
 C = Vault XP percentage of total XP
 D = Non-vault monster count
 E = Vault monster count
 F = Vault count percentage of total count
                 A         B        C        D         E       F
            +---------+---------+-------+---------+---------+-------
      Total |   45424 |   19456 |  30.0 |     371 |     147 |  28.4
            +---------+---------+-------+---------+---------+-------
        D:1 |      59 |       7 |  10.6 |      31 |       4 |  11.4
        D:2 |      47 |      38 |  44.7 |       9 |       2 |  18.2
        D:3 |     245 |       2 |   0.8 |      38 |       1 |   2.6
        D:4 |     790 |      99 |  11.1 |      27 |       1 |   3.6
        D:5 |     448 |     336 |  42.9 |      16 |       2 |  11.1
        D:6 |     365 |      80 |  18.0 |      11 |       7 |  38.9
        D:7 |    1160 |       0 |   0.0 |      32 |       0 |   0.0
        D:8 |     813 |     389 |  32.4 |      10 |       1 |   9.1
        D:9 |    3339 |     381 |  10.2 |      40 |       3 |   7.0
       D:10 |    1480 |    2950 |  66.6 |      23 |      15 |  39.5
       D:11 |    4952 |    1553 |  23.9 |      37 |      37 |  50.0
       D:12 |    2154 |     867 |  28.7 |       9 |       1 |  10.0
       D:13 |      34 |       0 |   0.0 |       1 |       0 |   0.0
     Lair:1 |    1257 |    1791 |  58.8 |       4 |       9 |  69.2
     Lair:2 |     981 |    1042 |  51.5 |       5 |       8 |  61.5
     Lair:3 |    3015 |    1508 |  33.3 |      14 |       6 |  30.0
     Lair:4 |    3035 |     827 |  21.4 |       7 |       5 |  41.7
     Lair:5 |   12406 |    1334 |   9.7 |      28 |       1 |   3.4
     Lair:6 |    8844 |    3683 |  29.4 |      29 |      14 |  32.6
      Sewer |       0 |      50 | 100.0 |       0 |      18 | 100.0
   Gauntlet |       0 |    2519 | 100.0 |       0 |      12 | 100.0
            +---------+---------+-------+---------+---------+-------
